cohdb
Replays
Latest Replays
All Replays
Popular Replays
Top Player Replays
Match Explorer
How It Works
Community
CoH3 Stats
Reddit
Sign in to upload your games and track your stats! →
Sign in with Steam
Match 43394307
Unlisted
Match 43394307
Overview
Messages
Build Orders
End
Selects Special Operations Battlegroup
Selects M29 Weasel Recon Vehicle
Construct Barracks
M29 Weasel Recon Vehicle
Riflemen Squad
Riflemen Squad
Mechanized Support Center
Riflemen Squad
Grenade Package
Selects Raiding Flares
Engineer Squad
Construct Tank Depot
Designate Forward Repair Station
Construct Medical Station
Selects SSF Commando Squad
Selects Mark Vehicle
SSF Commando Squad
M4A1 Sherman Medium Tank
SSF Commando Squad
Bran
DrewP
roshawnkne
noob
0
0
Comments
sign in to comment!
No comments posted yet!